 Dungeon Crawl Stone Soup version 0.28-a0-1518-gbe868bca14 (webtiles) character file.

Game seed: 2497063322622274442

1652 porpoise the Skirmisher (level 8, -4/67 HPs)
             Began as a Demonspawn Transmuter on Jan 17, 2022.
             Slain by an orc warrior (14 damage)
             ... on level 6 of the Dungeon.
             The game lasted 00:18:31 (7542 turns).

porpoise the Skirmisher (Demonspawn Transmuter)     Turns: 7542, Time: 00:18:31

Health: -4/67      AC: 11    Str: 12    XL:     8   Next: 68%
Magic:  11/11      EV: 12    Int: 15    God:
Gold:   191        SH:  0    Dex: 14    Spells: 8/11 levels left

rFire   . . .      SeeInvis .   a - +1 rapier (elec)
rCold   + . .      Faith    .   (no shield)
rNeg    . . .      Spirit   .   A - +0 robe {Will+}
rPois   .          Reflect  .   (no helmet)
rElec   .          Harm     .   (no cloak)
rCorr   .          Rampage  .   (no gloves)
Will    ++...                   (no boots)
Stlth   +++.......              (no amulet)
HPRegen 0.21/turn               n - ring of protection from cold
MPRegen 0.12/turn               r - ring of willpower

@: lethally poisoned (-4 -> -20), sanguine armoured
A: sanguine armour 2, weakness stinger 1
a: no special abilities


You were on level 6 of the Dungeon.
You visited 1 branch of the dungeon, and saw 6 of its levels.

You collected 287 gold pieces.
You spent 96 gold pieces at shops.

Inventory:

Hand Weapons
 a - a +1 rapier of electrocution (weapon)
 b - a +0 hunting sling
Missiles
 g - 5 boomerangs (quivered)
 h - 83 arrows
 k - 100 stones
 l - 75 bolts
 C - 23 sling bullets
Armour
 A - a +0 robe of willpower (worn)
Magical Staves
 d - a staff of conjuration
Jewellery
 n - a ring of protection from cold (left hand)
 p - a ring of protection from cold
 r - a ring of willpower (right hand)
 x - a ring of see invisible
Wands
 c - a wand of polymorph (10)
Scrolls
 f - a scroll of fear {unknown}
 i - a scroll of acquirement {unknown}
 j - a scroll of enchant weapon {unknown}
 o - a scroll of enchant armour {unknown}
 w - a scroll of vulnerability {unknown}
 y - a scroll of magic mapping {unknown}
 z - a scroll of amnesia {unknown}
 B - a scroll of blinking {unknown}
Potions
 m - a potion of ambrosia
 q - a potion of brilliance
 s - a potion of attraction
 v - 2 potions of might {unknown}


   Skills:
 - Level 7.0 Fighting
 + Level 1.8 Dodging
 + Level 4.7 Stealth
 * Level 6.9 Unarmed Combat
 - Level 2.0 Spellcasting
 - Level 1.7 Transmutations


You had 8 spell levels left.
You knew the following spells:

 Your Spells              Type           Power      Damage    Failure   Level
a - Beastly Appendage     Tmut           12%        N/A       11%         1
w - Wereblood             Tmut           6%         N/A       16%         2

Your spell library contained the following spells:

 Spells                   Type           Power      Damage    Failure   Level
 Corpse Rot               Necr/Air       2%         N/A       32%         2
 Spider Form              Tmut/Pois      4%         N/A       43%         3
 Inner Flame              Hex/Fire       1%         N/A       54%         3
 Tukima's Dance           Hex            1%         N/A       54%         3
 Ice Form                 Ice/Tmut       4%         N/A       83%         4
 Cause Fear               Hex            0%         N/A       91%         4
 Dispel Undead            Necr           1%         3d6       91%         4
 Passage of Golubria      Tloc           1%         N/A       91%         4
 Yara's Violent Unravell  Hex/Tmut       2%         3d3       99%         5
 Death Channel            Necr           0%         N/A       100%        6
 Discord                  Hex            0%         N/A       100%        8


Dungeon Overview and Level Annotations

Branches:
Dungeon (6/15)
 Temple: D:4-7

Altars:
Kikubaaqudgha
Uskayaw
Vehumet
Xom
Zin

Shops:
D:4 *![!

Annotations:
D:4 dig|fly


Innate Abilities, Weirdness & Mutations

When seriously injured, your blood forms thick armour. (AC +9)
You have a small tail.


Message History

You hit the gnoll. Lightning courses through the gnoll!
You kill the gnoll!
Training target 7.0 for Fighting reached!
Your Fighting skill increases to level 7!
You puncture the orc!
You kill the orc!
Unknown command.
Unknown command.
You hit the gnoll. Lightning courses through the gnoll! You claw the gnoll.
You kill the gnoll!
You closely miss the gnoll. You claw the gnoll!
The gnoll is heavily wounded.
Your horns disappear.
Your talons disappear.
The gnoll hits you but does no damage.
You barely miss the gnoll.
The gnoll is heavily wounded.
The gnoll hits you with a +0 flail!
The orc warrior hits you from afar with a +4 glaive of venom!
You are poisoned.
The gnoll barely misses you.
The orc warrior hits you from afar with a +4 glaive of venom.
* * * LOW HITPOINT WARNING * * *
You are lethally poisoned!
You feel better. The gnoll closely misses you. The orc warrior misses you.
You feel much better.
Your blood armour dries and flakes away.
The gnoll hits you with a +0 flail.
Your blood congeals into armour.
The orc warrior hits you from afar with a +4 glaive of venom!!
* * * LOW HITPOINT WARNING * * *
You are lethally poisoned!
You puncture the gnoll! Lightning courses through the gnoll!
You kill the gnoll!
* * * LOW HITPOINT WARNING * * *
You feel very sick.
The orc warrior hits you but does no damage.
You are more poisoned.
* * * LOW HITPOINT WARNING * * *
You feel very sick.
The orc warrior hits you with a +4 glaive of venom!
You die...

....>....g..#..#.......
.#.#[#####((......(..#
#.#####.#o#.###...#
.#........g.[........
.#..######o##########
...# #g# # #..# #.# #.
..######[#
.###.##.#...@o.#
........#.######
#.....# # #.##..#
#.#..#..### #.#.##....#
#.......#.#
#####.#####.# #.....# .


You could see an orc warrior.

Vanquished Creatures
  Grinder (D:6)
  Menkaure (D:6)
  Edmund (D:4)
  Duvessa (D:5)
  A water moccasin (D:6)
  2 necrophages
  2 ogres
  A centaur (D:6)
  2 scorpions
  Dowan (D:5)
  A howler monkey (D:6)
  2 hounds
  An iguana (D:4)
  3 orc wizards
  2 hound skeletons
  6 gnolls
  6 adders
  A white imp (D:5)
  An adder skeleton (D:5)
  2 dart slugs
  17 orcs
  3 endoplasms
  2 giant cockroaches
  5 hobgoblins
  2 jackals (D:2)
  3 kobolds
  6 quokkas
  6 bats
  2 frilled lizards
  3 goblins
  26 rats
  4 bushes
117 creatures vanquished.

Vanquished Creatures (others)
  2 plants (D:4)
2 creatures vanquished.

Grand Total: 119 creatures vanquished

Notes
Turn   | Place    | Note
-------+----------+-------------------------------------------
     0 | D:1      | porpoise the Demonspawn Transmuter began the quest for the
                  | Orb.
     0 | D:1      | Reached XP level 1. HP: 15/15 MP: 3/3
   355 | D:1      | Gained mutation: When seriously injured, your blood forms
                  | armour. (AC +9) [demonic ancestry]
   355 | D:1      | Reached XP level 2. HP: 21/21 MP: 3/5
   382 | D:1      | Found a faded altar of an unknown god.
   738 | D:2      | Reached skill level 2 in Fighting
   738 | D:2      | Reached skill level 1 in Stealth
   738 | D:2      | Reached XP level 3. HP: 6/27 MP: 6/6
  1653 | D:2      | Gained mutation: When seriously injured, your blood forms
                  | thick armour. (AC +9) [demonic ancestry]
  1653 | D:2      | Reached XP level 4. HP: 34/34 MP: 5/7
  2726 | D:3      | You fall into a shaft and drop 1 floor!
  2743 | D:4      | Found a hide-covered altar of Uskayaw.
  2820 | D:4      | Reached skill level 3 in Fighting
  2820 | D:4      | Reached XP level 5. HP: 31/41 MP: 6/8
  2995 | D:4      | Found Zin's Purification Station.
  3239 | D:4      | Noticed Edmund
  4274 | D:3      | Learned a level 2 spell: Wereblood
  4389 | D:4      | Killed Edmund
  4390 | D:4      | Gained mutation: You have a small tail. [demonic ancestry]
  4390 | D:4      | Reached XP level 6. HP: 48/48 MP: 7/9
  4627 | D:4      | Reached skill level 4 in Fighting
  4992 | D:4      | Found a radiant altar of Vehumet.
  5095 | D:4      | Found Naps's Antique Armour Shop.
  5096 | D:4      | Found Eseung's Distillery.
  5096 | D:4      | Found Riople Afouv's Distillery.
  5104 | D:4      | Bought a potion of heal wounds for 60 gold pieces
  5104 | D:4      | Bought a potion of curing for 36 gold pieces
  5285 | D:5      | Entered Level 5 of the Dungeon
  5322 | D:5      | Reached skill level 5 in Unarmed Combat
  5326 | D:5      | Reached XP level 7. HP: 38/55 MP: 10/10
  5708 | D:5      | Found an ancient bone altar of Kikubaaqudgha.
  5760 | D:5      | Reached skill level 5 in Fighting
  5830 | D:5      | Found a shimmering altar of Xom.
  6136 | D:5      | Noticed Duvessa
  6136 | D:5      | Noticed Dowan
  6143 | D:5      | Killed Dowan
  6151 | D:5      | Killed Duvessa
  6855 | D:6      | Reached XP level 8. HP: 61/64 MP: 9/11
  6867 | D:6      | Noticed Grinder
  6871 | D:6      | Noticed Menkaure
  6878 | D:6      | Killed Menkaure
  6879 | D:6      | Reached skill level 6 in Fighting
  6891 | D:6      | Killed Grinder
  7534 | D:6      | Reached skill level 7 in Fighting
  7542 | D:6      | Slain by an orc warrior

Illustrated notes

Levels and vault maps discovered:
D:1:      lightli_arrival_statuegarden, layout_rooms,
          shapermc_ecumenical_altar_starsandcircs
D:2:      layout_basic, serial_forest, infiniplex_forest_clump_small,
          infiniplex_forest_end_2, infiniplex_forest_end_3,
          infiniplex_forest_straight_4, infiniplex_forest_end_2,
          infiniplex_forest_straight_4, infiniplex_forest_clump_small,
          minmay_rat_hole
D:3:      layout_loops_corners, serial_rivers, chequers_serial_rivers_micro_b,
          chequers_serial_rivers_micro_a, chequers_serial_rivers_small_a,
          chequers_serial_rivers_small_b, chequers_serial_rivers_micro_c
D:4:      layout_rooms, mainiacjoe_overflow_surrounded_room, zin_purify,
          nicolae_vehumet_radiance, serial_forest,
          infiniplex_forest_clump_double, infiniplex_forest_clump_small,
          infiniplex_forest_clump_long, infiniplex_forest_clump_tiny,
          infiniplex_forest_3_way, infiniplex_forest_3_way, chequers_big_river,
          nicolae_wooded_promenade, uniq_edmund
D:5:      layout_gridville, mainiacjoe_overflow_big_doors, uniq_duvessa
D:6:      layout_basic, overflow_temple_1_default, gammafunk_ghost_smash,
          serial_shops, shop_fountains, hangedman_abyss_or_decor_stagger,
          uniq_grinder, uniq_menkaure

Skill      XL: |  1  2  3  4  5  6  7  8 |
---------------+-------------------------+-----
Unarmed Combat | 3 4 5 6 |  6.9
Fighting       | 2 3 4 5 7 |  7.0
Stealth        | 1 2 3 4 |  4.7
Dodging        | |  1.8
Spellcasting   | |  2.0
Transmutations | |  1.7

Action                   |  1- 3 |  4- 6 |  7- 9 || total
-------------------------+-------+-------+-------++-------
Melee: Rapier            |    44 |   204 |    69 ||   317
       Kick              |     5 |    18 |    20 ||    43
       Punch             |     3 |     4 |     6 ||    13
       Headbutt          |     5 |    10 |    16 ||    31
       Tailslap          |       |     7 |     6 ||    13
 Fire: Hunting sling     |    20 |    87 |    41 ||   148
 Cast: Beastly Appendage |    14 |    29 |    15 ||    58
  Use: Scroll            |       |     2 |     2 ||     4
       Potion            |       |     1 |     3 ||     4
 Stab: Sleeping          |     1 |     1 |       ||     2
       Distracted        |       |     1 |     1 ||     2
Armor: Robe              |     6 |    29 |    14 ||    49
Dodge: Dodged            |    26 |    69 |    45 ||   140

Table legend: (Time is in decaauts)
 A = Elapsed time spent in this place.
 B = Non-inter-level travel time spent in this place.
 C = Inter-level travel time spent in this place.
 D = Time resting spent in this place.
 E = Time spent auto-exploring this place.
 F = Levels seen in this place.
 G = Mean time per level.
                   A        B        C        D        E       F      G
               +--------+--------+--------+--------+--------+-----+--------+
         Total |   7607 |   7389 |    218 |   2514 |   3636 |   6 | 1267.8 |
       Dungeon |   7607 |   7389 |    218 |   2514 |   3636 |   6 | 1267.8 |
               +--------+--------+--------+--------+--------+-----+--------+

Top non-repeatable levels by time:
     D:2: 2063 daAuts
     D:5: 1800 daAuts
     D:4: 1491 daAuts
     D:3: 1154 daAuts
     D:1: 628 daAuts
     D:6: 469 daAuts
